 Dungeon Crawl Stone Soup version 0.18-a0-1196-g09327cf (webtiles) character file.

280 RedPan the Conjurer (level 6, -1/45 HPs)
             Began as a Draconian Conjurer on Jan 30, 2016.
             Slain by an orc wizard
             ... wielding a +0 dagger
              (2 damage)
             ... on level 5 of the Dungeon.
             The game lasted 00:12:39 (4164 turns).

RedPan the Conjurer (Draconian Conjurer)            Turns: 4164, Time: 00:12:40

Health: -1/45      AC:  7    Str: 10    XL:     6   Next: 5%
Magic:  2/9        EV: 12    Int: 17    God:
Gold:   237        SH:  0    Dex: 12    Spells: 2 memorised, 4 levels left

rFire  . . .     SeeInvis .     f - +1 whip
rCold  . . .     Gourm    .     (armour unavailable)
rNeg   . . .     Faith    .     (no shield)
rPois  .         Spirit   .     (helmet restricted)
rElec  .         Dismiss  .     k - +0 cloak
rCorr  .         Reflect  .     (no gloves)
SustAt .         Harm     .     (no boots)
MR     .....                    (no amulet)
Stlth  ++........               (no ring)
                                (no ring)

@: slowed, very slow, not resistant to hostile enchantments, unstealthy
A: unfitting armour, cold-blooded, AC +6
a: no special abilities


You were on level 5 of the Dungeon.
You were not hungry.

You visited 1 branch of the dungeon, and saw 5 of its levels.

You collected 237 gold pieces.

Inventory:

Hand Weapons
 f - a +1 whip (weapon)
Armour
 k - a +0 cloak (worn)
Jewellery
 o - an uncursed amulet of inaccuracy
Scrolls
 c - a scroll of teleportation
 d - a scroll of magic mapping
 h - a scroll of immolation
 i - 3 scrolls of recharging
 l - 4 scrolls of identify
Potions
 e - 2 potions of flight
Books
 a - a book of Conjurations

   Spells                             Type                      Level
   a - Magic Dart                     Conjuration                  1
   b - Searing Ray                    Conjuration                  2
   c - Dazzling Spray                 Conjuration/Hexes            3
   d - Fulminant Prism                Conjuration/Hexes            4
   e - Iskenderun's Mystic Blast      Conjuration                  4
   f - Iskenderun's Battlesphere      Conjuration/Charms           5
Comestibles
 b - 2 bread rations
 m - 2 meat rations
 n - a beef jerky


   Skills:
 - Level 1.7 Dodging
 - Level 1.7 Stealth
 - Level 2.0 Spellcasting
 + Level 7.3 Conjurations


You had 4 spell levels left.
You knew the following spells:

 Your Spells              Type           Power        Failure   Level  Hunger
a - Magic Dart            Conj           ####         1%          1    #......
b - Iskenderun's Mystic   Conj           ####....     12%         4    #####..


Dungeon Overview and Level Annotations

Branches:
Dungeon (5/15)
 Temple: D:4-7

Altars:
Kikubaaqudgha

Annotations:
D:4 IcyTea's ghost, novice OpAs; Menkaure
D:5 Blork the orc


Innate Abilities, Weirdness & Mutations

Your plain brown scales are hard (AC +6).
Your body does not fit into most forms of armour.
You are cold-blooded and may be slowed by cold attacks.


Message History

The magic dart hits you!
You hit the orc wizard.
The orc wizard is almost dead.
The orc wizard hits you with a dagger.
The orc wizard hits you but does no damage.
The orc wizard hits you with a dagger.
* * * LOW HITPOINT WARNING * * *
You hit the orc wizard.
Your tail-slap misses the orc wizard.
The orc wizard is almost dead.
The orc wizard hits you but does no damage.
The orc wizard casts a spell at you. The magic dart hits you!
* * * LOW HITPOINT WARNING * * *
You barely miss the orc wizard.
Your tail-slap misses the orc wizard.
The orc wizard is almost dead.
The orc wizard gestures at you while chanting.
The magic dart hits you!
* * * LOW HITPOINT WARNING * * *
The orc wizard hits you with a dagger.
You die...

..#.##...# .#
##..# #.#.. .....
..# ##...## #.....
.### #..###.....#
##..#.#
####...#......
#....#
.............
##.#..
...........#####
#.# #.
...............##
....)...o.).....##
.......@..<......#
.................#
.................#
.................#
.................#
...........>.....#
........$.......##
........##.....##


You could see an orc wizard.

Vanquished Creatures
  A giant frog skeleton (D:4)
  An orc wizard (D:3)
  Natasha (thrice) (D:4)
  2 worker ants (D:4)
  An adder (D:4)
  4 worms
  4 giant geckos
  10 orcs
  4 giant cockroaches
  11 goblins
  3 hobgoblins
  3 jackals (D:4)
  2 quokkas
  A ball python (D:2)
  5 bats
  2 giant newts
  A jackal skeleton (D:4)
  5 kobolds
  12 rats
75 creatures vanquished.

Notes
Turn   | Place    | Note
--------------------------------------------------------------
     0 | D:1      | RedPan the Draconian Conjurer began the quest for the Orb.
     0 | D:1      | Reached XP level 1. HP: 14/14 MP: 3/3
   211 | D:1      | Reached XP level 2. HP: 10/20 MP: 1/5
   635 | D:1      | You fall through a shaft!
   904 | D:2      | Reached skill level 5 in Conjurations
   908 | D:2      | Reached XP level 3. HP: 23/26 MP: 6/6
  2555 | D:3      | Reached XP level 4. HP: 30/33 MP: 1/7
  2654 | D:3      | Reached skill level 6 in Conjurations
  2894 | D:3      | Gained mutation: You have a pair of small horns on your head. [potion of mutation]
  2894 | D:3      | Gained mutation: You have large cloven feet. [potion of mutation]
  2894 | D:3      | Gained mutation: You possess an exceptional clarity of mind. [potion of mutation]
  2899 | D:3      | Lost mutation: You have a pair of small horns on your head. [potion of cure mutation]
  2899 | D:3      | Lost mutation: You possess an exceptional clarity of mind. [potion of cure mutation]
  2899 | D:3      | Lost mutation: You have large cloven feet. [potion of cure mutation]
  2998 | D:4      | Noticed IcyTea's ghost (novice OpAs)
  3115 | D:4      | Found an ancient bone altar of Kikubaaqudgha.
  3261 | D:4      | Noticed Natasha
  3266 | D:4      | Killed Natasha
  3266 | D:4      | Reached XP level 5. HP: 32/38 MP: 2/8
  3351 | D:4      | Noticed Menkaure
  3358 | D:4      | Learned a level 4 spell: Iskenderun's Mystic Blast
  3503 | D:4      | Noticed Natasha
  3505 | D:4      | Killed Natasha
  3798 | D:4      | Reached skill level 7 in Conjurations
  3990 | D:5      | Entered Level 5 of the Dungeon
  4036 | D:5      | Noticed Blork the orc
  4084 | D:4      | Noticed Natasha
  4123 | D:4      | Killed Natasha
  4123 | D:4      | Reached XP level 6. HP: 26/45 MP: 6/9
  4164 | D:5      | HP: 1/45 [orc wizard/magic dart (9)]
  4164 | D:5      | Slain by an orc wizard

Vault maps used:
D:1:      mainiacjoe_arrival_reflecting_pool, grunt_decor_one_mirror
D:2:      minmay_rat_gold_closets
D:3:      first_bread
D:4:      overflow_temple_1_default, hangedman_abyss_or_decor_stabs,
          uniq_menkaure, uniq_natasha
D:5:      minmay_temple_entry_grid, enter_ossuary_5, grunt_ministairs_14,
          led_sif_pool, uniq_blork_the_orc

Action                   |  1- 3 |  4- 6 || total
-------------------------+-------+-------++-------
Melee: Unarmed           |    21 |       ||    21
       Whip              |    58 |    49 ||   107
 Cast: Magic Dart        |    91 |    72 ||   163
  Use: Scroll            |     6 |     4 ||    10
       Potion            |     1 |     8 ||     9
 Stab: Sleeping          |     3 |     1 ||     4
  Eat: Chunk             |     5 |     6 ||    11
       Beef jerky        |       |     2 ||     2
